Map: Neon Violet Square LE

Players

IIIlIlIIIIlI

  • Race: Zerg Zerg
  • League: Master
  • Spawn Location: 11:00

Alluton - Winner!

  • Race: Protoss Protoss
  • League: Master
  • Spawn Location: 5:00

VOD

Have the link to the VOD?

Description

Time

  • Played on: Nov. 22, 2017, 12:48 p.m.
  • Length: 20:02
Show
View Real Time Build Order
Export as new Build Order

IIIlIlIIIIlI Zerg 

Build Orders: Hatch First 

Get SALT Encoding   

  12  0:01  Drone  
  13  0:13  Overlord  
  13  0:18  Drone  
  14  0:31  Drone x2  
  14  0:35  Drone  
  17  0:53  Hatchery  
  17  0:57  Drone  
  17  0:59  Drone  
  18  1:11  Extractor  
  17  1:15  Spawning Pool  
  17  1:17  Drone  
  17  1:20  Drone  
  18  1:29  Drone  
  19  1:40  Overlord  
  19  1:51  Drone  
  20  2:01  Queen  
  20  2:02  Zergling x2  
  20  2:04  Queen  
  20  2:05  Zergling x2  
  26  2:10  Metabolic Boost  
  26  2:12  Drone  
  27  2:16  Drone  
  28  2:35  Drone, Hatchery  
  28  2:38  Drone  
  28  2:41  Drone  
  30  2:51  Drone  
  30  2:53  Drone  
  30  2:57  Drone  
  33  2:59  Drone  
  33  3:01  Drone  
  35  3:07  Overlord  
  33  3:15  Drone x2, Overlord  
  35  3:29  Drone x2  
  35  3:30  Drone  
  35  3:31  Drone x2  
  40  3:42  Drone x2, Spore Crawler  
  40  3:45  Spore Crawler  
  40  3:49  Drone x2  
  40  3:50  Drone  
  40  3:51  Spore Crawler  
  40  3:53  Drone  
  40  3:54  Evolution Chamber  
  42  3:57  Queen  
  42  3:58  Queen  
  42  4:01  Queen  
  48  4:10  Drone x5  
  48  4:15  Overlord  
  53  4:19  Zerg Melee Weapons Level 1  
  53  4:30  Drone x4  
  57  4:38  Drone  
  58  4:39  Evolution Chamber  
  55  4:52  Drone x2  
  57  4:55  Zergling x6  
  57  4:58  Zergling x2  
  57  4:59  Zergling x8  
  65  5:02  Overlord x2  
  65  5:04  Overlord  
  65  5:09  Zerg Missile Weapons Level 1  
  65  5:10  Lair  
  65  5:15  Extractor x2  
  65  5:17  Baneling Nest  
  60  5:21  Zergling x2  
  60  5:22  Zergling x18  
  70  5:34  Zergling x12  
  66  5:44  Drone x6  
  68  6:03  Drone x3  
  71  6:05  Drone x3  
  74  6:13  Hydralisk Den  
  73  6:21  Drone x2  
  73  6:22  Drone, Zerg Melee Weapons Level 2  
  72  6:47  Drone x11  
  72  6:49  Extractor  
  72  6:50  Extractor  
  79  6:54  Hatchery  
  79  6:59  Muscular Augments  
  79  7:00  Drone x3, Hatchery  
  73  7:02  Drone x3  
  73  7:04  Extractor  
  73  7:06  Zerg Missile Weapons Level 2  
  73  7:19  Zergling x14  
  80  7:29  Centrifical Hooks  
  80  7:30  Hydralisk  
  80  7:32  Overlord x5  
  82  7:40  Baneling x7  
  82  7:43  Baneling x2  
  82  7:44  Baneling  
  82  7:52  Hydralisk x2  
  82  7:57  Zergling x20  
  96  8:00  Hatchery  
  95  8:12  Hydralisk x6  
  95  8:15  Drone x2  
  105  8:23  Queen x2  
  109  8:33  Hydralisk x7  
  123  8:41  Drone x2  
  125  8:46  Hatchery  
  124  8:51  Baneling x12  
  124  8:53  Zergling x8  
  124  8:54  Overlord x2  
  127  9:22  Hydralisk x10  
  131  9:34  Hydralisk x4  
  114  9:41  Zergling x22  
  114  9:49  Hydralisk  
  114  9:50  Hydralisk x3  
  122  9:54  Zergling x6  
  120  10:17  Zergling x2  
  120  10:18  Zergling x22  
  121  10:35  Baneling x10  
  121  10:36  Baneling x2  
  121  10:39  Baneling x9  
  121  10:50  Zergling x2  
  121  10:51  Zergling x38  
  141  11:05  Overseer  
  99  11:37  Hydralisk x7  
  99  11:38  Hydralisk x5  
  109  11:43  Zergling x40  
  127  11:55  Zergling x4  
  127  11:56  Zergling x14  
  136  12:09  Baneling x12  
  136  12:10  Baneling x7  
  136  12:19  Zergling x12  
  136  12:21  Overlord x2  
  97  12:46  Hydralisk x10  
  97  12:47  Hydralisk  
  115  12:52  Zergling x10  
  115  12:53  Zergling x6  
  123  13:01  Extractor  
  122  13:06  Baneling  
  122  13:07  Baneling x10  
  122  13:14  Drone, Spore Crawler  
  122  13:15  Hatchery  
  122  13:16  Spore Crawler, Zergling x2  
  122  13:17  Zergling x4  
  117  13:38  Hydralisk x7  
  117  13:39  Hydralisk  
  132  13:56  Lurker Den  
  132  13:57  Pneumatized Carapace  
  132  14:00  Hydralisk  
  133  14:03  Overlord x2  
  133  14:04  Zergling x20  
  133  14:05  Zergling x6  
  133  14:41  Baneling x15  
  133  14:42  Zergling x2  
  133  14:43  Zergling x40  
  153  14:54  Drone x4  
  153  14:55  Drone  
  156  15:24  Lurker x7  
  156  15:26  Lurker  
  156  15:27  Lurker  
  161  15:35  Zergling x2  
  161  15:36  Zergling x22  
  161  15:40  Overlord  
  161  15:41  Extractor, Overlord x2, Infestation Pit  
  137  16:09  Hydralisk x11  
  137  16:10  Hydralisk  
  140  16:11  Zergling x12  
  140  16:12  Zergling x18  
  151  16:25  Drone x8  
  149  16:26  Drone  
  151  16:34  Drone x3  
  151  16:39  Drone x6  
  160  16:42  Hive  
  144  17:11  Zergling x24  
  111  17:53  Hydralisk x20  
  113  18:01  Hydralisk x4  
  113  18:02  Hydralisk x2  
  125  18:10  Extractor  
  124  18:21  Lurker x5  
  124  18:22  Lurker  
  130  18:30  Hydralisk x3  
  136  18:35  Zergling x2  
  136  18:36  Zergling x14  
  136  18:37  Hatchery  
  121  19:04  Hydralisk x9  
Show
View Real Time Build Order
Export as new Build Order

Alluton Protoss - Winner!

Build Orders: 1 Gate Expand, Oracle Opening 

Get SALT Encoding   

  12  0:00  Probe (Chrono Boost)  
  13  0:13  Probe (Chrono Boost)  
  14  0:20  Pylon  
  14  0:22  Pylon  
  14  0:24  Probe  
  15  0:40  Probe  
  15  0:41  Gateway  
  16  0:50  Assimilator  
  16  0:52  Probe  
  17  1:04  Probe  
  18  1:16  Probe  
  19  1:28  Nexus  
  19  1:29  Probe  
  20  1:38  Cybernetics Core  
  20  1:43  Probe  
  21  1:49  Assimilator  
  21  1:55  Probe  
  21  2:00  Pylon  
  22  2:07  Probe (Chrono Boost)  
  23  2:18  Adept (Chrono Boost)  
  23  2:19  Warp Gate, Probe (Chrono Boost)  
  26  2:27  Probe (Chrono Boost)  
  27  2:36  Zealot  
  30  2:38  Probe (Chrono Boost)  
  30  2:40  Probe (Chrono Boost)  
  30  2:43  Stargate  
  31  2:50  Probe x2 (Chrono Boost)  
  33  2:56  Probe  
  33  2:57  Probe  
  35  3:09  Probe (Chrono Boost)  
  35  3:17  Probe (Chrono Boost)  
  36  3:22  Probe x2 (Chrono Boost), Gateway  
  36  3:23  Gateway  
  36  3:24  Probe  
  38  3:30  Oracle  
  38  3:33  Probe  
  39  3:36  Probe  
  43  3:42  Pylon  
  43  3:45  Probe  
  43  3:48  Probe  
  45  3:55  Nexus  
  45  3:57  Probe  
  45  4:02  Probe  
  47  4:06  Oracle  
  47  4:08  Pylon  
  47  4:09  Probe  
  48  4:13  Pylon  
  48  4:14  Probe  
  52  4:21  Probe (Chrono Boost)  
  53  4:26  Adept x3  
  53  4:30  Shield Battery  
  60  4:34  Assimilator, Probe (Chrono Boost)  
  60  4:36  Pylon  
  61  4:40  Probe (Chrono Boost)  
  61  4:42  Probe  
  61  4:45  Assimilator  
  63  4:47  Adept x2  
  63  4:50  Adept  
  63  4:51  Probe (Chrono Boost)  
  69  4:54  Probe (Chrono Boost)  
  70  5:03  Probe (Chrono Boost)  
  70  5:06  Probe (Chrono Boost)  
  72  5:09  Zealot x2  
  72  5:13  Pylon  
  79  5:15  Probe (Chrono Boost)  
  79  5:17  Probe (Chrono Boost)  
  79  5:18  Probe x2 (Chrono Boost)  
  79  5:20  Twilight Council  
  80  5:22  Forge  
  80  5:23  Probe  
  81  5:33  Probe x2  
  79  5:35  Probe  
  79  5:38  Zealot x2  
  83  5:45  Probe (Chrono Boost)  
  83  5:47  Probe (Chrono Boost)  
  79  5:56  Assimilator  
  76  5:57  Zealot  
  76  5:58  Assimilator  
  76  5:59  Zealot x2, Probe (Chrono Boost)  
  76  6:00  Robotics Facility  
  76  6:01  Void Ray, Probe (Chrono Boost)  
  89  6:07  Templar Archives  
  89  6:09  Probe (Chrono Boost)  
  89  6:10  Charge  
  90  6:13  Probe x2 (Chrono Boost)  
  90  6:25  Gateway  
  90  6:29  Gateway  
  90  6:31  Zealot x3, Psionic Storm, Gateway  
  94  6:37  Shield Battery  
  94  6:38  Pylon  
  83  6:50  Probe  
  84  6:54  Probe  
  84  6:55  Warp Prism (Chrono Boost), Zealot x3  
  84  6:58  Probe  
  89  7:02  Probe  
  89  7:06  Probe  
  91  7:10  Probe  
  91  7:14  Probe  
  93  7:18  High Templar x3, Probe  
  93  7:20  Pylon  
  93  7:22  Immortal, Probe  
  105  7:28  Probe (Chrono Boost)  
  105  7:29  High Templar  
  108  7:33  Pylon  
  108  7:36  Pylon  
  109  7:42  Gateway  
  109  7:43  Gateway  
  109  7:44  Gateway  
  109  7:46  Probe (Chrono Boost)  
  111  7:56  Probe (Chrono Boost)  
  110  8:01  Immortal (Chrono Boost)  
  114  8:06  Nexus  
  114  8:08  Pylon  
  109  8:14  High Templar x3  
  109  8:15  High Templar x3  
  119  8:20  Pylon x2  
  119  8:25  Probe  
  112  8:30  Warp Prism, Pylon  
  112  8:31  Shield Battery  
  112  8:33  Archon x2  
  114  8:37  Assimilator  
  114  8:40  Zealot  
  116  8:42  High Templar x2, Assimilator  
  116  8:47  Archon, Shield Battery  
  120  8:49  Shield Battery  
  120  8:57  Robotics Facility  
  120  8:59  Forge  
  120  9:01  Shield Battery  
  120  9:02  Zealot x6  
  126  9:06  Immortal (Chrono Boost)  
  132  9:11  Zealot  
  134  9:22  Zealot x4  
  142  9:26  Protoss Ground Weapons Level 1 (Chrono Boost)  
  128  9:33  Zealot x5  
  128  9:36  Archon  
  128  9:37  Archon x2  
  128  9:44  Immortal (Chrono Boost)  
  128  9:45  Probe  
  135  9:47  Photon Cannon  
  135  9:52  Probe  
  136  9:54  Immortal (Chrono Boost)  
  136  9:55  Probe x2  
  138  10:00  Zealot x5  
  138  10:01  Zealot  
  138  10:05  Zealot x2  
  154  10:13  Zealot, Immortal (Chrono Boost)  
  154  10:22  Zealot x4  
  154  10:24  Immortal (Chrono Boost)  
  136  10:37  High Templar x5  
  136  10:39  Probe x2  
  148  10:47  Archon  
  148  10:49  Immortal (Chrono Boost)  
  152  10:52  High Templar x2  
  152  10:53  High Templar x2, Immortal (Chrono Boost)  
  164  11:06  Nexus  
  164  11:08  Assimilator  
  164  11:11  Assimilator  
  160  11:14  Pylon  
  160  11:17  Zealot x5  
  140  11:22  Archon  
  140  11:23  Immortal (Chrono Boost)  
  129  11:28  Zealot x2  
  129  11:29  Zealot x2  
  112  11:33  Zealot x2  
  112  11:38  Zealot x5  
  113  11:41  Probe x4 (Chrono Boost)  
  113  11:44  Probe  
  115  11:48  Immortal (Chrono Boost)  
  115  11:51  High Templar x2  
  122  11:56  High Templar x2  
  122  12:01  High Templar x5  
  130  12:06  Archon x2  
  136  12:09  Immortal  
  140  12:16  Protoss Ground Weapons Level 2 (Chrono Boost)  
  140  12:20  Immortal  
  140  12:27  Zealot x2  
  148  12:33  Zealot x3  
  148  12:34  Zealot  
  156  12:38  Archon  
  156  12:39  Zealot x2  
  156  12:41  Immortal  
  142  12:44  High Templar  
  142  12:50  High Templar x2  
  150  12:58  Immortal  
  150  13:02  High Templar x6  
  150  13:05  Archon x2  
  166  13:13  Immortal  
  166  13:19  Fleet Beacon  
  170  13:33  High Templar x2  
  166  13:37  Zealot, Archon  
  166  13:38  Zealot x3, Immortal  
  174  13:59  Stalker  
  174  14:02  High Templar x3  
  180  14:03  High Templar  
  180  14:07  Archon x2  
  184  14:16  Stargate  
  184  14:17  Protoss Air Weapons Level 1, Stargate  
  184  14:21  Nexus  
  180  14:24  Assimilator  
  180  14:26  Assimilator  
  180  14:28  Pylon  
  169  14:31  Pylon  
  169  14:32  Probe  
  169  14:33  Probe x2  
  164  14:40  Probe  
  164  14:43  Protoss Ground Weapons Level 3 (Chrono Boost)  
  164  14:45  High Templar x4  
  173  14:48  Photon Cannon  
  173  14:49  Archon x2  
  173  14:53  Photon Cannon  
  173  14:56  Photon Cannon  
  173  14:57  Photon Cannon  
  173  15:01  Shield Battery  
  173  15:04  Warp Prism (Chrono Boost)  
  169  15:16  Zealot x4  
  177  15:27  Graviton Catapult  
  177  15:53  High Templar x3  
  177  15:54  High Templar x6  
  195  15:58  Archon x4  
  171  16:11  Observer x2 (Chrono Boost)  
  153  16:18  Probe x2  
  151  16:22  Probe  
  151  16:24  Carrier x2 (Chrono Boost)  
  170  16:30  Zealot x2  
  170  16:31  Zealot x6  
  178  16:34  Carrier (Chrono Boost)  
  178  16:43  Immortal  
  182  17:01  Protoss Air Weapons Level 2 (Chrono Boost)  
  140  17:25  High Templar x3, Zealot x2  
  140  17:26  Zealot x3  
  140  17:29  Carrier (Chrono Boost)  
  152  17:30  Carrier (Chrono Boost)  
  152  17:34  Observer x2  
  144  17:41  Carrier (Chrono Boost)  
  152  17:46  Zealot x4, Archon  
  156  17:55  Zealot x2  
  157  18:01  Probe (Chrono Boost)  
  157  18:02  Probe x2 (Chrono Boost)  
  157  18:05  High Templar x3  
  163  18:26  Nexus  
  163  18:28  Pylon  
  163  18:29  High Templar x5  
  163  18:31  Zealot  
  175  18:34  Archon  
  175  18:35  Archon  
  175  18:37  Carrier (Chrono Boost)  
  175  18:41  Zealot x3  
  193  18:56  Zealot  
  181  19:11  Zealot x7  
  181  19:12  Zealot  
  181  19:24  Probe  
  181  19:33  Assimilator  
  181  19:36  Assimilator  
  181  19:38  High Templar  
  181  19:39  Photon Cannon, Shield Battery  
  181  19:40  Pylon  
  181  19:42  Dark Shrine  
  181  19:54  Stargate  
  181  19:57  Stargate  
  181  19:58  Pylon  
  181  19:59  Pylon  
Tags
 
Add a new tag
Caveats
  • Supply blocks, unpowered buildings, or Contaminate may cause inaccurate times.
  • Supply counts are checked every 10 seconds.